 Dungeon Crawl Stone Soup version 0.22.1-1-ga44c0e56f4 (webtiles) character file.

2697 Jynx the Transmogrifier (level 9, 0/75 HPs)
             Began as an Octopode Transmuter on Nov 8, 2018.
             Was an Initiate of Ashenzari.
             Slain by a killer bee (7 damage)
             ... on level 8 of the Dungeon.
             The game lasted 00:19:02 (8079 turns).

Jynx the Transmogrifier (Octopode Transmuter)       Turns: 8079, Time: 00:19:03

Health: 0/75       AC:  6    Str: 10    XL:     9   Next: 65%
Magic:  13/18      EV: 10    Int: 15    God:    Ashenzari [......]
Gold:   468        SH:  0    Dex: 15    Spells: 5/20 levels left

rFire    x . .     SeeInvis .     - Unarmed
rCold    + + +     Gourm    .   (shield currently unavailable)
rNeg     . . .     Faith    .   (helmet currently unavailable)
rPois    +         Spirit   .   q - amulet of regeneration (curse)
rElec    .         Reflect  .   u - ring of stealth (curse)
rCorr    .         Harm     .   (no ring)
MR       .....                  (no ring)
Stlth    ++........             (no ring)
HPRegen  0.62/turn              (no ring)
MPRegen  0.16/turn              (no ring)
                                (no ring)
                                (no ring)

@: lethally poisoned (0 -> 0), ice-form, very slightly contaminated
A: large, almost no armour, stealthy swim, amphibious, 8 rings, (constrict 8)
a: End Transformation, Curse Item, Renounce Religion


You were on level 8 of the Dungeon.
You worshipped Ashenzari.
Ashenzari was noncommittal.
You were not hungry.
You were a creature of crystalline ice.
You visited 2 branches of the dungeon, and saw 9 of its levels.

You collected 468 gold pieces.

Inventory:

Missiles
 a - 194 arrows
Jewellery
 q - a cursed amulet of regeneration (around neck)
 u - a cursed ring of stealth (left front paw)
Wands
 k - a wand of iceblast (12)
 x - a wand of scattershot (6)
Scrolls
 b - 3 scrolls of immolation
 d - 4 scrolls of teleportation
 f - 3 scrolls of remove curse
 j - 4 scrolls of magic mapping
 n - a scroll of fog
 r - a scroll of amnesia
Potions
 e - 3 potions of curing
 g - a potion of heal wounds {unknown}
 h - a potion of mutation
 i - a potion of flight
 l - 2 potions of might
 m - 2 potions of lignification
 o - 3 potions of haste
 p - a potion of invisibility {unknown}
 s - 2 potions of resistance
 t - a potion of cancellation {unknown}
Comestibles
 c - 9 rations
 v - 8 chunks of flesh


   Skills:
 + Level 6.4 Fighting
 - Level 2.0 Dodging
 - Level 3.0 Unarmed Combat
 + Level 6.1 Spellcasting
 + Level 8.1 Transmutations
 + Level 4.3 Ice Magic


You had 5 spell levels left.
You knew the following spells:

 Your Spells              Type           Power        Failure   Level  Hunger
a - Beastly Appendage     Tmut           ####..       1%          1    None
b - Sticks to Snakes      Tmut           ####....     1%          2    #......
c - Spider Form           Tmut/Pois      ###.......   9%          3    ##.....
d - Ice Form              Ice/Tmut       ###.....     11%         4    ####...
e - Blade Hands           Tmut           ####......   14%         5    ######.

Your spell library contained the following spells:

 Spells                   Type           Power        Failure   Level  Hunger


Dungeon Overview and Level Annotations

Branches:
Dungeon (8/15)             Temple (1/1) D:6
   Lair: D:8-11

Altars:
Ashenzari
Cheibriados
Dithmenos
Fedhas
Hepliaklqana
Kikubaaqudgha
Makhleb
Nemelex Xobeh
Okawaru
Qazlal
Ru
Trog
Uskayaw
Vehumet
Wu Jian
Xom
Yredelemnul
The Shining One

Shops:
D:6 (

Annotations:
D:7 exclusion: statue


Innate Abilities, Weirdness & Mutations

You cannot wear most types of armour.
You are very stealthy in the water. (Stealth+)
You are amphibious.
You can wear up to eight rings at the same time.
((You can use your tentacles to constrict eight enemies at once.))
((Your skin changes colour to match your surroundings (Stealth+).))
((Your rubbery body absorbs attacks. (AC +1, EV +1)))


Message History

You climb downwards.
A ball python comes into view.
Found 22 sling bullets.
Found two stone staircases leading down.
There is a stone staircase leading up here.
You hit the killer bee but do no damage.
The killer bee is severely wounded.
You feel sick.
The killer bee stings you but does no damage.
You barely miss the killer bee.
The killer bee is severely wounded.
The killer bee stings you!
* * * LOW HITPOINT WARNING * * *
The killer bee stings you but does no damage.
You hit the killer bee. You freeze the killer bee.
The killer bee is almost dead.
You feel sick. The killer bee stings you.
* * * LOW HITPOINT WARNING * * *
The killer bee stings you!
You die...

# ## .# ...#
##.##
.S...###....###
......>y.......
#...Y.......
####.....##.
##..>.# ...(#
....# ....#
....# ....#


You could see a killer bee and a ball python (sleeping).

Vanquished Creatures
  Sigmund (D:5)
  Eustachio (D:4)
  An ice beast (D:6)
  5 phantoms
  A sky beast (D:5)
  An orc warrior (D:6)
  4 ogres
  4 centaurs
  A gnoll sergeant (D:6)
  A water moccasin zombie (D:7)
  A scorpion (D:5)
  A killer bee (D:7)
  A howler monkey (D:4)
  A bullfrog zombie (D:7)
  A crimson imp (D:6)
  A jelly (D:7)
  A bullfrog skeleton (D:7)
  An orc priest (D:4)
  A gnoll shaman (D:6)
  4 hounds
  4 orc wizards
  An iguana (D:6)
  2 worker ants
  Robin (D:3)
  A worker ant zombie (D:6)
  7 gnolls (D:6)
  5 adders
  2 shadow imps
  3 worms
  4 dart slugs
  5 leopard geckos
  14 orcs
  10 bats
  3 giant cockroaches
  15 goblins
  15 hobgoblins
  12 jackals
  A quokka (D:4)
  3 ball pythons
  7 frilled lizards
  13 kobolds
  A leopard gecko zombie (D:6)
  5 rats
167 creatures vanquished.

Notes
Turn   | Place    | Note
-------+----------+-------------------------------------------
     0 | D:1      | Jynx the Octopode Transmuter began the quest for the Orb.
     0 | D:1      | Reached XP level 1. HP: 13/13 MP: 3/3
   436 | D:1      | Reached XP level 2. HP: 18/18 MP: 5/5
   440 | D:1      | Learned a level 2 spell: Sticks to Snakes
  1217 | D:1      | Reached XP level 3. HP: 3/23 MP: 4/6
  1656 | D:2      | Learned a level 3 spell: Spider Form
  1718 | D:2      | Reached skill level 3 in Transmutations
  2041 | D:2      | Reached XP level 4. HP: 21/29 MP: 5/7
  2531 | D:3      | Noticed Robin
  2853 | D:3      | Found a snail-covered altar of Cheibriados.
  3568 | D:3      | Killed Robin
  3568 | D:3      | Reached XP level 5. HP: 20/35 MP: 2/9
  4144 | D:4      | Reached skill level 4 in Transmutations
  4228 | D:4      | Noticed a phantom
  4237 | D:5      | Entered Level 5 of the Dungeon
  4269 | D:3      | Learned a level 4 spell: Ice Form
  4373 | D:4      | Killed a phantom
  4373 | D:4      | Reached XP level 6. HP: 41/41 MP: 8/10
  4458 | D:4      | Noticed Eustachio
  4593 | D:4      | Killed Eustachio
  4593 | D:4      | Reached skill level 5 in Transmutations
  4624 | D:4      | Noticed a phantom
  4650 | D:4      | Killed a phantom
  4650 | D:4      | Reached XP level 7. HP: 46/46 MP: 8/12
  4670 | D:4      | Found a shadowy altar of Dithmenos.
  4859 | D:4      | Found a basalt altar of Yredelemnul.
  5065 | D:5      | Reached skill level 6 in Transmutations
  5136 | D:5      | Found a hazy altar of Hepliaklqana.
  5198 | D:5      | Found a stormy altar of Qazlal.
  5199 | D:5      | Found a blossoming altar of Fedhas.
  5203 | D:5      | Noticed Sigmund
  5211 | D:5      | Killed Sigmund
  5211 | D:5      | Reached XP level 8. HP: 54/54 MP: 8/14
  5316 | D:5      | Reached skill level 1 in Ice Magic
  5548 | D:5      | Reached skill level 5 in Fighting
  5548 | D:5      | Reached skill level 7 in Transmutations
  5857 | D:6      | Reached skill level 5 in Spellcasting
  5871 | D:6      | Found a staircase to the Ecumenical Temple.
  5880 | Temple   | Entered the Ecumenical Temple
  5901 | Temple   | Became a worshipper of Ashenzari the Shackled
  5990 | D:6      | Found Qoheufas's Antique Weapon Emporium.
  6761 | D:6      | Found a hide-covered altar of Uskayaw.
  6985 | D:6      | Reached XP level 9. HP: 25/61 MP: 15/17
  7779 | D:7      | Reached skill level 8 in Transmutations
  7859 | D:7      | Found a radiant altar of Vehumet.
  8005 | D:7      | Learned a level 5 spell: Blade Hands
  8079 | D:8      | Slain by a killer bee

Skill      XL: |  1  2  3  4  5  6  7  8  9 |
---------------+----------------------------+-----
Transmutations | 3 4 5 6 7 8 |  8.1
Fighting       | 2 3 4 5 6 |  6.4
Spellcasting   | 3 4 5 6 |  6.1
Ice Magic      | 3 4 |  4.3
Dodging        | |  2.0
Unarmed Combat | |  3.0

Action                   |  1- 3 |  4- 6 |  7- 9 || total
-------------------------+-------+-------+-------++-------
Melee: Unarmed           |    78 |   142 |   306 ||   526
       Constrict         |    21 |    23 |    22 ||    66
       Kick              |    12 |    16 |    14 ||    42
       Tentacles         |     9 |    14 |    18 ||    41
       Punch             |       |       |     1 ||     1
 Cast: Beastly Appendage |    22 |    16 |    17 ||    55
       Spider Form       |     2 |     5 |    19 ||    26
       Ice Form          |       |     2 |     8 ||    10
Invok: Curse Item        |       |       |     2 ||     2
  Use: Scroll            |     7 |     6 |     8 ||    21
       Potion            |       |     1 |       ||     1
 Stab: Sleeping          |     3 |     5 |     7 ||    15
       Distracted        |       |       |     1 ||     1
  Eat: Chunk             |     4 |    10 |     8 ||    22
       Ration            |       |       |     2 ||     2
Armor: Skin              |    17 |    22 |    33 ||    72
Dodge: Dodged            |    95 |   145 |   230 ||   470
